 Dungeon Crawl Stone Soup version 0.31-a0-963-ga325b2283a (webtiles) character file.

Game seed: 9432087947182558570

4661 croobank the Blocker (level 10, 0/123 HPs)
             Began as a Formicid Fighter on Oct 24, 2023.
             Was a Believer of Fedhas.
             Slain by a gnoll sergeant
             ... wielding a +0 halberd
              (6 damage)
             ... in a bailey.
             The game lasted 00:35:25 (6677 turns).

croobank the Blocker (Formicid Fighter)             Turns: 6677, Time: 00:35:26

Health: 0/123      AC: 25    Str: 23    XL:     10   Next: 71%
Magic:  5/14       EV:  2    Int: 10    God:    Fedhas [**....]
Gold:   432        SH: 16    Dex: 13    Spells: 9/9 levels left

rFire   . . .        I - +4 dire flail
rCold   . . .        b - +0 kite shield
rNeg    . . .        k - melded +1 chain mail {rPois}
rPois   +            (helmet unavailable)
rElec   .            (cloak currently unavailable)
rCorr   .            l - melded +1 pair of gloves
SInv    .            H - melded +0 pair of boots of Upeyqur {Slay+2}
Will    +....        i - amulet of reflection
Stlth   +            (no ring)
HPRegen 0.40/turn    (no ring)
MPRegen 0.14/turn

%: reflection
@: tree-form
A: stationary, stasis, torment immunity, boosted hp, permanent stasis, dig
shafts and tunnels, (antennae 3), four strong arms
a: Renounce Religion, Wall of Briars


You were in a bailey.
You worshipped Fedhas.
Fedhas was pleased with you.
You were a tree.
You visited 2 branches of the dungeon, and saw 9 of its levels.
You also visited: Sewer and Bailey.

You collected 490 gold pieces.
You spent 58 gold pieces at shops.

Inventory:

Hand Weapons
 a - a +0 war axe of protection
 q - the +1 spear "Gram" {holy, Drain rElec rCorr SInv}
   (You found it on level 3 of the Dungeon)

   rElec:     It insulates you from electricity.
   SInv:      It lets you see invisible.
   rCorr:     It protects you from acid and corrosion.
   Drain:     It drains your maximum health when unequipped.
 B - a +4 vampiric trident
 C - the +8 dagger of Gloom {heavy, rPois rN+}
   (You found it on level 6 of the Dungeon)

   rPois:     It protects you from poison rN+: It protects you from negative
   energy.
 D - a +3 great sword
 E - a +3 falchion
 I - a +4 dire flail (weapon)
Missiles
 u - 13 poisoned darts (quivered)
 z - 9 boomerangs
Armour
 b - a +0 kite shield (worn)
 g - a +2 robe of willpower
 k - a +1 chain mail of poison resistance (melded)
 l - a +1 pair of gloves (melded)
 s - the +1 leather armour of Experimentation {Fly Int+7}
   (You found it on level 3 of the Dungeon)

   Int+7:     It affects your intelligence (+7).
   Fly:       It grants you flight.
 H - the +0 pair of boots of Upeyqur (melded) {Slay+2}
   (You found it on level 7 of the Dungeon)

   Slay+2:    It affects your accuracy & damage with ranged weapons and melee
   (+2).
Jewellery
 i - an amulet of reflection (around neck)
 y - the ring "Dyrenu" {rPois Will+ Int+4}
   (You took it off an orc priest on level 7 of the Dungeon)

   [ring of poison resistance]

   Int+4:     It affects your intelligence (+4).
   rPois:     It protects you from poison Will+: It increases your willpower.
Wands
 x - a wand of flame (22)
Scrolls
 c - 3 scrolls of poison
 h - a scroll of amnesia
Potions
 d - a potion of might
 e - a potion of resistance
 j - a potion of curing
 m - 2 potions of brilliance
 p - a potion of cancellation {unknown}
 r - a potion of ambrosia {unknown}
 v - 2 potions of mutation {unknown}
 w - a potion of haste {unknown}
 A - 4 potions of enlightenment {unknown}
 F - a potion of invisibility {unknown}


   Skills:
 + Level 8.5 Fighting
 + Level 7.4 Axes
 + Level 8.4 Armour
 + Level 10.1 Shields
 + Level 5.6 Invocations


You had 9 spell levels left.
You didn't know any spells.
Your spell library contained the following spells:

 Spells                   Type           Power      Damage    Failure   Level
 Necrotise                Necr           0%         1d4       54%         1
 Tukima's Dance           Hex            0%         N/A       89%         3
 Vampiric Draining        Necr           0%         2d6       89%         3
 Passage of Golubria      Tloc           0%         N/A       100%        4
 Agony                    Necr           0%         N/A       100%        5
 Yara's Violent Unravell  Hex/Tmut       0%         3d3       100%        5


Dungeon Overview and Level Annotations

Branches:
Dungeon (8/15)             Temple (1/1) D:6           Sewer (visited)
 Bailey (1/1)
   Lair: D:8-11

Altars:
Cheibriados
Dithmenos
Elyvilon
Fedhas
Gozag
Hepliaklqana
Kikubaaqudgha
Makhleb
Nemelex Xobeh
Qazlal
Ru
Sif Muna
Trog
Uskayaw
Wu Jian
Xom
Yredelemnul
Zin
The Shining One

Shops:
D:2 *


Innate Abilities, Weirdness & Mutations

You are a tree.
Your roots penetrate the ground, keeping you stationary.
You cannot be teleported.
You are immune to unholy pain and torment.
Your maximum health is greatly increased.
Your equipment is partially melded.
You cannot be hasted, slowed, berserked, paralysed or teleported.
You can dig through walls and to a lower floor.
((You have a pair of large antennae on your head. (SInv)))
Your four strong arms can wield two-handed weapons with a shield.


Message History

You feel better.
The gnoll bouda is no longer moving quickly.
The wolf bites your briar patch but does no damage.
You block the wolf's attack. x2
The gnoll bouda hits you but does no damage. x2
The wolf bites your briar patch!
The gnoll sergeant hits you from afar with a +0 halberd.
* * * LOW HITPOINT WARNING * * *
The gnoll sergeant hits your ballistomycete with the +7 great sword of Success {freeze, Will+}!
The gnoll sergeant freezes your ballistomycete!
The wolf bites you.
* * * LOW HITPOINT WARNING * * *
The wolf bites you but does no damage.
You feel better.
The gnoll sergeant is no longer moving quickly.
The wolf bites your briar patch.
The gnoll bouda barks out a call to the hunt!
The gnolls pick up the pace!
You block the wolf's attack.
The gnoll bouda barks out a call to the hunt!
You block the wolf's attack.
The gnoll sergeant hits you from afar with a +0 halberd.
* * * LOW HITPOINT WARNING * * *
The wolf is struck by your briar patch's thorns.
The wolf dies!
Fedhas appreciates your contribution to the ecosystem.
The gnoll sergeant hits your ballistomycete with the +7 great sword of Success {freeze, Will+}!!
The gnoll sergeant freezes your ballistomycete!
Your ballistomycete is destroyed!
Your ballistomycete disappears in a puff of smoke!
Okay, then.
A briar patch grows up from the ground.
The gnoll sergeant is no longer moving quickly.
The wolf bites you but does no damage. You block the wolf's attack.
The gnoll bouda barks out a call to the hunt!
The gnoll sergeant picks up the pace!
You block the gnoll bouda's attack. You block the wolf's attack.
The gnoll sergeant hits you from afar with a +0 halberd.
You die...
Fedhas appreciates your contribution to the ecosystem.

♣≈≈.......†.......
♣≈.....)..).......
♣≈.######')'######
♣≈. {#.))# ♣≈#
#)..# #..)# ##'##
{{ ##h).##
##♣hg..## {
#PPPg...#
#ggh8...#
#.g.....#{
##.....##{ ##...##
##'## {{ ... '...'


You could see 3 gnoll sergeants, 3 wolves and 2 gnoll boudas.

Vanquished Creatures
  Pikel (D:6)
  Joseph (D:7)
  Jeremiah (D:6)
  A wyvern (D:7)
  Menkaure (D:6)
  A water moccasin (D:6)
  2 orc warriors
  3 black bears
  Pargi (Sewer)
  2 phantoms
  A wolf (Bailey)
  A kobold brigand (D:6)
  A bullfrog (D:7)
  3 gnoll sergeants (Bailey)
  2 scorpions
  9 wights
  A howler monkey (D:6)
  4 quasits
  6 hounds
  2 sleepcaps
  2 gnoll boudas
  2 jellies
  7 orc priests
  An iguana (D:7)
  Natasha (twice) (D:3)
  9 orc wizards
  15 gnolls
  2 river rats (D:5)
  8 adders
  2 shadow imps (D:7)
  6 white imps
  5 ufetubi
  2 worms
  2 dart slugs (D:1)
  25 orcs
  6 ball pythons
  7 endoplasms
  6 giant cockroaches
  10 goblins
  3 hobgoblins
  7 quokkas
  5 bats
  3 frilled lizards
  17 kobolds
  5 rats
203 creatures vanquished.

Vanquished Creatures (collateral kills)
  A wolf (Bailey)
1 creature vanquished.

Vanquished Creatures (others)
  A sleepcap (D:7)
1 creature vanquished.

Grand Total: 205 creatures vanquished

Notes
Turn   | Place    | Note
-------+----------+-------------------------------------------
     0 | D:1      | croobank the Formicid Fighter began the quest for the Orb.
     0 | D:1      | Reached XP level 1. HP: 18/18 MP: 1/1
    46 | D:1      | Reached XP level 2. HP: 16/24 MP: 2/2
   302 | D:1      | Reached XP level 3. HP: 23/29 MP: 3/3
   755 | D:1      | Reached XP level 4. HP: 37/37 MP: 4/4
  1497 | D:2      | Found Pyriroin's General Store.
  1501 | D:2      | Bought a +0 kite shield for 58 gold pieces
  1845 | D:3      | Reached skill level 5 in Shields
  1845 | D:3      | Reached XP level 5. HP: 42/42 MP: 5/5
  1947 | D:3      | Identified the +1 spear "Gram" {holy, Drain rElec rCorr
                  | SInv}
  1965 | D:3      | Identified the +1 leather armour of Experimentation {Fly
                  | Int+7}
  1987 | D:3      | Found a faded altar of an unknown god.
  2234 | D:3      | Found a hazy altar of Hepliaklqana.
  2369 | D:3      | Found a shimmering blue altar of Sif Muna.
  2370 | D:3      | Found a bloodstained altar of Trog.
  2371 | D:3      | Found a glowing silver altar of Zin.
  2372 | D:3      | Found a shimmering altar of Xom.
  2402 | D:3      | Noticed Natasha
  2417 | D:3      | Killed Natasha
  2622 | D:3      | Noticed Natasha
  2631 | D:3      | Killed Natasha
  2632 | D:3      | Reached XP level 6. HP: 49/49 MP: 6/6
  2936 | D:4      | Reached skill level 5 in Armour
  2936 | D:4      | Reached skill level 6 in Shields
  2936 | D:4      | Reached XP level 7. HP: 35/55 MP: 7/7
  3044 | D:4      | Reached skill level 5 in Fighting
  3365 | D:5      | Entered Level 5 of the Dungeon
  3637 | D:5      | Found a glowing drain.
  3651 | Sewer    | Entered a sewer
  3762 | Sewer    | Noticed Pargi
  3781 | Sewer    | Killed Pargi
  3782 | Sewer    | Reached XP level 8. HP: 49/63 MP: 8/8
  3965 | D:5      | Found an opulent altar of Gozag.
  4247 | D:5      | Reached skill level 7 in Shields
  4497 | D:6      | Noticed Jeremiah
  4501 | D:6      | Killed Jeremiah
  4502 | D:6      | Reached skill level 5 in Axes
  4830 | D:6      | Found a white marble altar of Elyvilon.
  4892 | D:6      | Identified the +8 dagger of Gloom {heavy, rPois rN+}
  4909 | D:6      | Found a staircase to the Ecumenical Temple.
  4941 | D:6      | Noticed Menkaure
  4944 | Temple   | Entered the Ecumenical Temple
  4952 | Temple   | Became a worshipper of Fedhas Madash
  4966 | D:6      | Killed Menkaure
  4967 | D:6      | Reached skill level 8 in Shields
  4967 | D:6      | Reached skill level 1 in Invocations
  4967 | D:6      | Reached XP level 9. HP: 38/71 MP: 9/9
  5642 | D:7      | Found a hide-covered altar of Uskayaw.
  5642 | D:7      | Noticed Joseph
  5645 | D:7      | Killed Joseph
  5857 | D:7      | Reached * piety under Fedhas
  5864 | D:7      | Reached skill level 9 in Shields
  5906 | D:7      | Noticed Pikel
  5950 | D:6      | Killed Pikel
  5951 | D:6      | Reached XP level 10. HP: 80/80 MP: 11/13
  5997 | D:7      | Identified the ring "Dyrenu" {rPois Will+ Int+4}
  6050 | D:7      | Found a snail-covered altar of Cheibriados.
  6053 | D:7      | Identified the +0 pair of boots of Upeyqur {Slay+2}
  6168 | D:7      | Reached ** piety under Fedhas
  6319 | D:7      | Reached skill level 5 in Invocations
  6567 | D:8      | Found a flagged portal.
  6594 | Bailey   | Entered a bailey
  6635 | Bailey   | Reached *** piety under Fedhas
  6636 | Bailey   | Reached skill level 10 in Shields
  6664 | Bailey   | Identified the +7 great sword of Success {freeze, Will+}
  6672 | Bailey   | HP: 1/82 [wolf (7)]
  6677 | Bailey   | Slain by a gnoll sergeant

Illustrated notes

Levels and vault maps discovered:
D:1:      minmay_arrival_open_corners, layout_basic
D:2:      minmay_angry_zag, layout_basic, serial_shops, shop
D:3:      layout_basic, nicolae_hepliaklqana_hippocampus,
          mainiacjoe_overflow_alcove_3, serial_co_window_serial,
          co_window_paths_b, co_window_paths_a, co_window_paths_b,
          co_window_paths_a, co_window_paths_a, co_window_of_opportunity_b,
          co_window_corner_b, co_window_corner_ca, co_window_unsneaky_path_b,
          co_window_paths_c, glass_columns_a, glass_columns_b, glass_columns_a,
          glass_columns_a, glass_columns_c,
          hellmonk_ecumenical_altar_arch_garden, uniq_natasha
D:4:      layout_cave_pools
D:5:      layout_gridville, grunt_gozag_statues, gup_sewer_entry_spiral
D:6:      layout_basic, elyvilon_altar_3, minmay_temple_entry_glass,
          nrook_campfire, uniq_menkaure, uniq_jeremiah
D:7:      layout_cave_pools, nicolae_uskayaw_murder_on_the_dancefloor,
          cheibriados_altar_1, serial_demonic, serial_demonic_e,
          serial_demonic_g, serial_demonic_e, serial_demonic_d,
          serial_demonic_e, uniq_pikel, uniq_joseph
D:8:      layout_loops_ring, nicolae_ashenzari_panopticon, enter_bailey_6,
          ebering_ghost_disaster_area, uniq_maurice
Temple:   eino_temple_lava
Bailey:   bailey_polearm_gnolls_kennysheep, bailey

Skill      XL: |  1  2  3  4  5  6  7  8  9 10 |
---------------+-------------------------------+-----
Fighting       | 4 5 6 7 8 |  8.5
Armour         | 4 5 6 7 8 |  8.4
Axes           | 3 4 5 6 7 |  7.4
Shields        | 5 6 8 9 10 | 10.1
Invocations    | 1 4 5 |  5.6

Action                     |  1- 3 |  4- 6 |  7- 9 | 10-12 || total
---------------------------+-------+-------+-------+-------++-------
  Melee: War axe           |    70 |   162 |   268 |   100 ||   600
         Trident           |       |       |    53 |       ||    53
         Dire flail        |       |       |       |    72 ||    72
  Throw: Dart              |       |     3 |     1 |     5 ||     9
 Invoke: Wall of Briars    |       |       |       |     2 ||     2
         Grow Ballistomyce |       |       |       |     1 ||     1
Ability: Dig               |       |     1 |       |       ||     1
  Evoke: Wand              |       |       |     9 |     3 ||    12
    Use: Potion            |       |     1 |     2 |     6 ||     9
         Scroll            |       |       |    15 |     2 ||    17
 Armour: Scale mail        |    52 |    28 |       |       ||    80
         Chain mail        |       |    59 |   224 |   149 ||   432
         Skin              |       |       |       |    12 ||    12
  Dodge: Dodged            |    26 |    36 |   104 |    79 ||   245
  Block: Buckler           |    18 |    10 |       |       ||    28
         Kite shield       |       |    83 |   353 |   238 ||   674
         Reflection        |       |       |    13 |     5 ||    18

Table legend: (Time is in decaauts)
 A = Elapsed time spent in this place.
 B = Non-inter-level travel time spent in this place.
 C = Inter-level travel time spent in this place.
 D = Time resting spent in this place.
 E = Time spent auto-exploring this place.
 F = Levels seen in this place.
 G = Mean time per level.
                   A        B        C        D        E       F      G
               +--------+--------+--------+--------+--------+-----+--------+
         Total |   6971 |   6802 |    169 |    633 |   3937 |  11 |  633.7 |
       Dungeon |   6702 |   6541 |    161 |    633 |   3844 |   8 |  837.8 |
        Temple |     16 |      8 |      8 |      0 |      0 |   1 |   16.0 |
         Sewer |    162 |    162 |      0 |      0 |     93 |   1 |  162.0 |
        Bailey |     89 |     89 |      0 |      0 |      0 |   1 |   89.0 |
               +--------+--------+--------+--------+--------+-----+--------+

Top non-repeatable levels by time:
     D:5: 1113 daAuts
     D:6: 1065 daAuts
     D:1: 985 daAuts
     D:3: 975 daAuts
     D:7: 836 daAuts
     D:2: 831 daAuts
     D:4: 691 daAuts
     D:8: 203 daAuts
   Sewer: 162 daAuts
  Bailey: 89 daAuts
  Temple: 16 daAuts
